AoeStats
← El wey

Lombardia

509012269Analyzed
2v2 RM · 7d ago on Sep 25, 2026· 56m 32s· 4 players
Game mode
Random Map
Map size
Medium (4 player)
Population
200
Speed
Normal
Resources
Standard
Victory
Conquest
Starting age
Dark Age
Ending age
Imperial Age
RankedLock teamsTeams togetherTeam positionsShared explorationLock speedFull tech treeHidden civsTurbo modeCheats
Victory
Defeat
🇦🇷 Tatars · Argentina
1018
+16
🇦🇷 Franks · Argentina
1016
+17
🇲🇽 Teutons · Mexico
1035
-17
🇲🇽 Varangians · Mexico
1019
-16
El wey
7:11 Loom
7:36 Loom
10:21 Feudal Age
10:03 Loom
11:04 Double-Bit Axe
14:53 Horse Collar
16:57 Fletching
18:04 Wheelbarrow
23:11 Castle Age
22:56 Padded Archer Armor
23:21 Crossbowman
25:08 Bodkin Arrow
27:22 Leather Archer Armor
35:47 Imperial Age
34:45 Heavy Plow
34:57 Bow Saw
34:45 Gold Mining
34:47 Stone Mining
35:47 Town Watch
51:59 Town Patrol
52:01 Spies/Treason
IIIGekoIII
7:04 Loom
9:31 Feudal Age
10:01 Double-Bit Axe
15:06 Wheelbarrow
18:04 Gold Mining
21:19 Castle Age
19:50 Forging
19:46 Scale Barding Armor
22:25 Chain Barding Armor
22:44 Bow Saw
23:17 Iron Casting
24:59 Fletching
25:53 Hand Cart
28:31 Bodkin Arrow
Pinhead Larry
0:26 Loom
11:05 Feudal Age
25:33 Castle Age
23:42 Fletching
23:52 Padded Archer Armor
25:27 Gold Mining
25:27 Stone Mining
26:00 Elite Skirmisher
29:22 Double-Bit Axe
30:04 Squires
34:53 Forging
36:08 Bodkin Arrow
41:34 Imperial Age
41:51 Arson
41:52 Gambesons
42:10 Scale Mail Armor
42:46 Iron Casting
46:11 Ballistics
Kuriboh
3:16 Loom
3:35 Loom
13:21 Feudal Age
16:23 Double-Bit Axe
18:53 Castle Age
19:37 Pikeman
21:15 Horse Collar
27:10 Fletching
41:42 Wheelbarrow
50:06 Bloodlines
50:01 Husbandry
Connection lost

Rejoining the realm…

Still unreachable

The connection could not be restored.

Session expired

The server has moved on; the page needs a fresh start.